 Dungeon Crawl Stone Soup version 0.14.0-18-g0341e45 (webtiles) character file.

163954 Leibowitz the Severer (level 17, -1/161 HPs)
             Began as a Minotaur Fighter on Apr 19, 2014.
             Was the Champion of Trog.
             Slain by a ghost moth (5 damage)
             ... on Level 5 of the Spider Nest.
             The game lasted 03:30:00 (35332 turns).

Leibowitz the Severer (Minotaur Fighter)           Turns: 35332, Time: 03:30:01

HP  -1/161       AC 33     Str 27      XL: 17   Next: 19%
MP   0/9         EV  8     Int  4 (5)  God: Trog [******]
Gold 2834        SH  0     Dex 11      Spells:  0 memorised, 16 levels left

rFire  + . .     SeeInvis +     L - +7 hand axe "Dujakuesm" {holy, +Inv rN+ SInv}
rCold  + . .     Clarity  .     N - +4 plate armour {rPois}
rNeg   + + .     Conserve .     (no shield)
rPois  +         rCorr    .     (helmet restricted)
rElec  +         rRot     .     r - +0 cloak
SustAb . .       Spirit   +     F - +2 pair of gloves
rMut   .         Warding  .     u - +1 pair of boots {rF+}
Saprov . . .     Stasis   .     T - amulet of Light {Spirit +Rage MR+ Stlth++}
MR     ++++.                    h - +4 ring of protection
                                s - ring of Crenuega {rElec rF- rN+}

@: regenerating, very slightly contaminated, incredibly resistant to hostile
enchantments, extremely unstealthy
A: retaliatory headbutt, horns 2
a: Burn Spellbooks, Berserk, Trog's Hand, Brothers in Arms, Renounce Religion,
Evoke Berserk Rage, Evoke Invisibility


You were on level 5 of the Spider Nest.
You worshipped Trog.
Trog was exalted by your worship.
You were not hungry.

You visited 5 branches of the dungeon, and saw 27 of its levels.
You visited the Abyss 1 time.
You also visited: Labyrinth, Ice Cave and Volcano.

You collected 3794 gold pieces.
You spent 960 gold pieces at shops.

Inventory:

Hand weapons
 a - a +0,+6 executioner's axe of chopping
 b - a +6 blowgun
 o - a +2,+8 battleaxe of electrocution
 v - a +0,+4 anti-magic broad axe
 G - a +0,+3 broad axe of chopping
 K - the +4,+6 battleaxe of Osoer {flame, rC++}
   (Trog gifted it to you on level 3 of the Orcish Mines)

   It emits flame when wielded, causing extra injury to most foes and up to
   double damage against particularly susceptible opponents.
   Big, fiery blades are also staple armaments of hydra-hunters.
   It greatly protects you from cold.
 L - the +7,+7 hand axe "Dujakuesm" (weapon) {holy, +Inv rN+ SInv}
   (Trog gifted it to you on level 4 of the Orcish Mines)

   It has been blessed by the Shining One to cause great damage to the undead
   and demons.
   It protects you from negative energy.
   It enhances your eyesight.
   It lets you turn invisible.
Missiles
 j - 21 curare-tipped needles
 t - 2 throwing nets (quivered)
 R - 8 needles of paralysis
Armour
 c - a +1 shield
 r - a +0 cloak (worn)
 u - a +1 pair of boots of fire resistance (worn)
 F - a +2 pair of gloves (worn)
 N - a +4 plate armour of poison resistance (worn)
Magical devices
 m - a wand of draining (0)
 y - a wand of disintegration (8)
 z - a wand of disintegration (8)
 D - a wand of lightning (4)
 E - a wand of lightning (2)
 Q - a wand of cold (4)
 S - a wand of polymorph (12)
 X - a wand of disintegration (8)
 Z - a wand of digging (16)
Comestibles
 g - 6 meat rations
 B - a lychee
Scrolls
 f - a scroll of enchant armour
 k - 9 scrolls of identify
 n - 2 scrolls of recharging
 p - 2 scrolls of enchant weapon I
 q - a scroll of enchant weapon II
 C - 12 scrolls of remove curse
 J - 3 scrolls of magic mapping
 Y - a scroll of fog
Jewellery
 h - a +4 ring of protection (right hand)
 s - the ring of Crenuega (left hand) {rElec rF- rN+}
   (You found it on level 7 of the Dungeon)

   [ring of positive energy]

   It makes you vulnerable to fire.
   It insulates you from electricity.
 H - an uncursed ring of flight
 M - an uncursed amulet of rage
 P - an uncursed ring of protection from fire
 T - the amulet of Light (around neck) {Spirit +Rage MR+ Stlth++}
   (You took it off a minotaur in a labyrinth)

   [amulet of guardian spirit]

   It affects your resistance to hostile enchantments.
   It lets you go berserk.
   It makes you much more stealthy.
 U - an uncursed ring of see invisible
 V - an uncursed amulet of guardian spirit
 W - an uncursed amulet of clarity
Potions
 d - 7 potions of agility
 e - a potion of haste
 i - 6 potions of curing
 l - 2 potions of brilliance
 A - a potion of berserk rage
 I - a potion of resistance
 O - 4 potions of restore abilities


   Skills:
 + Level 17.1 Fighting
 + Level 18.9 Axes
 + Level 15.8 Armour
 + Level 10.3 Dodging
   Level 17.3 Shields
 + Level 1.2 Evocations


You had 16 spell levels left.
You didn't know any spells.

Dungeon Overview and Level Annotations

Branches:
Dungeon (9/15)             Temple (1/1) D:7             Orc (4/4) D:9
    Elf (0/3) Orc:3          Lair (8/8) D:9           Swamp (0/5) Lair:5
 Spider (5/5) Lair:6        Slime (0/6) Lair:8

Altars:
Ashenzari
Cheibriados
Dithmenos
Elyvilon
Fedhas
Kikubaaqudgha
Makhleb
Nemelex Xobeh
Okawaru
Sif Muna
Trog
Vehumet
Xom
Yredelemnul
Zin
The Shining One
Beogh

Shops:
D:4 (   D:6 =   Orc:4 :([[

Annotations:
D:3 Sigmund


Innate Abilities, Weirdness & Mutations

You reflexively headbutt those who attack you in melee.
You have a pair of horns on your head.


Message History

You hit the red wasp.
The red wasp is moderately wounded.
The ghost moth hits you!
* * * LOW HITPOINT WARNING * * *
The ghost moth barely misses you. The ghost moth stings you.
* * * LOW HITPOINT WARNING * * *
Your iron troll closely misses the ghost moth.
Your iron troll claws the ghost moth!
Your iron troll misses the ghost moth.
The red wasp stings you but does no damage.
Read which item? (? for menu, Esc to quit)
Okay, then.
Drink which item? (? for menu, Esc to quit)
You feel protected. The ghost moth hits your iron troll!
The ghost moth hits your iron troll but does no damage.
The ghost moth barely misses your iron troll.
The ghost moth barely misses you. You furiously retaliate!
You headbutt the ghost moth, but do no damage.
The ghost moth hits you.
You die... #≈........≈≈≈≈## ss{ #^..s.....≈≈≈## ≈yys

#≈........≈≈≈# ....^
#.........≈≈≈#....%.
#^..#.....≈≈≈#....%%
#..s.s....≈≈≈#≈^..φ.
##y.......≈≈≈## ..≈
#Tyy.....≈≈≈≈#
#.@..^...≈≈≈≈### ##
#^...^..#≈≈≈≈≈≈###≈
#....^..#.≈≈≈≈≈≈≈≈≈
#...#..#..≈≈≈≈≈≈≈≈≈
#≈#^.......≈≈≈≈≈≈≈≈
#^#................
#≈≈.....^..^.......
###.^..............
##.≈.............


You could see 2 emperor scorpions, 2 ghost moths, a wolf spider, a red wasp and
a friendly iron troll (berserk).

Vanquished Creatures
  Saint Roka (Orc:4)
  A bone dragon (Abyss:1)
  An Ice Fiend (IceCv)
  Asterion (Spider:1)
  4 emperor scorpions
  A ghost moth (Spider:5)
  Gastronok (D:9)
  2 fire dragons (Lair:8)
  A minotaur (Lab)
  Josephine (Orc:2)
  A rakshasa (Abyss:1)
  Fannar (Lair:2)
  3 hydras
  The ghost of MirrMurr the Unseen, a powerful SpEn of Ashenzari (D:9)
  5 death yaks (Lair:8)
  Urug (Spider:1)
  A sun demon (Abyss:2)
  Nergalle (Lair:2)
  A wretched star (Abyss:2)
  5 thrashing horrors
  2 catoblepae (Lair:8)
  12 orb spiders
  5 ice devils (IceCv)
  A ghost moth zombie (Abyss:2)
  3 large abominations
  A flaming corpse (Volcano)
  2 ice statues (IceCv)
  A lindwurm (Lair:8)
  A swamp dragon (Lair:5)
  An orc knight (Orc:4)
  3 griffons
  4 black mambas
  A cyclops (D:9)
  3 moths of wrath
  35 wolf spiders
  An apocalypse crab (Abyss:1)
  An orc sorcerer (Orc:4)
  An orange demon (Abyss:1)
  An elephant (Lair:8)
  4 red wasps
  An item mimic (Orc:2)
  A gargoyle (Volcano)
  Psyche (Orc:1)
  2 anaconda simulacra (IceCv)
  9 spiny frogs
  A starcursed mass (Abyss:2)
  13 demonic crawlers
  4 trolls
  An ancient zyme (Abyss:1)
  A polar bear (Lair:6)
  5 giant fireflies (Lair:8)
  7 komodo dragons
  5 fire drakes
  A hydra zombie (Abyss:1)
  Sonja (Orc:4)
  A fire vortex (Volcano)
  A baby alligator (Lair:5)
  6 blue devils
  A two-headed ogre (D:9)
  5 raiju (Abyss:2)
  Prince Ribbit (Lair:3)
  A raven (shapeshifter) (D:9)
  A boulder beetle (Spider:1)
  3 giant leeches (Lair:8)
  31 jumping spiders
  A hydra skeleton (Abyss:2)
  A slime creature (D:9)
  46 redbacks
  11 trapdoor spiders
  25 blink frogs
  A flying skull (Abyss:1)
  28 tarantellas
  3 basilisks
  2 ynoxinuls
  A wyvern (Lair:8)
  A deep elf mage (D:9)
  An elephant slug (Lair:8)
  A spriggan (Lair:8)
  2 ugly things (Volcano)
  10 sharks
  42 yaks
  A fire elemental (Volcano)
  2 dire elephant simulacra (IceCv)
  A steam dragon (Lair:8)
  14 wolves
  5 hippogriffs
  5 hungry ghosts
  A neqoxec (Abyss:2)
  An iron troll simulacrum (IceCv)
  4 wargs
  2 harpy simulacra (IceCv)
  A mottled dragon (Lair:8)
  2 hydra simulacra (IceCv)
  6 sky beasts
  11 porcupines
  3 small abominations (Abyss:1)
  11 water moccasins
  7 ogres
  2 swamp drakes (Lair:8)
  39 spiders
  34 orc warriors
  3 giant goldfish
  A black bear (D:9)
  3 phantoms
  14 ice beasts
  An ettin simulacrum (IceCv)
  2 yellow wasps
  13 crocodiles
  A big kobold (D:9)
  15 centaurs
  2 boring beetles
  12 giant frogs
  4 brain worms (Lair:8)
  17 giant slugs
  Blork the orc (D:4)
  10 scorpions
  A wyvern skeleton (D:6)
  An eye of draining (Abyss:2)
  4 killer bees (D:7)
  A giant goldfish zombie (D:4)
  9 electric eels
  5 goliath beetles
  7 crimson imps
  5 hounds
  4 quasits
  18 orc priests
  2 jellies
  3 big fish
  15 iguanas
  34 orc wizards
  Natasha (thrice) (D:4)
  12 worker ants
  A sky beast zombie (D:9)
  14 sheep
  A worker ant zombie (D:9)
  12 gnolls
  37 green rats
  21 adders
  A worm zombie (D:6)
  4 giant mites
  A white imp (D:4)
  20 worms
  An inept feature mimic (D:2)
  2 shadow imps
  A giant eyeball (D:7)
  7 giant geckos
  An ooze (D:4)
  192 orcs
  A bat skeleton (D:4)
  26 goblins
  16 hobgoblins
  21 jackals
  23 kobolds
  8 quokkas
  A ball python (D:3)
  25 bats
  3 giant cockroaches
  A giant gecko zombie (D:7)
  5 giant newts
  A giant spore (D:7)
  2 goblin zombies (Orc:2)
  A hobgoblin skeleton (D:9)
  3 orc skeletons
  An orc zombie (Orc:2)
  16 rats
  A rat zombie (D:4)
  9 ballistomycetes
  A bush (Lair:8)
  2 fungi
  5 plants (Lair:8)
1260 creatures vanquished.

Vanquished Creatures (collateral kills)
  Arachne (Spider:5)
  A ghost moth (Abyss:2)
  3 orb spiders (Spider:5)
  A wolf spider (Spider:5)
  5 elephants (Lair:8)
  A demonic crawler (Spider:5)
  A jumping spider (Spider:1)
  A troll (Orc:4)
  A trapdoor spider (Spider:5)
  A redback (Spider:5)
  3 tarantellas (Spider:5)
  An orc warrior (Orc:4)
  2 spiders (Spider:1)
  A centaur (Orc:4)
  A starcursed mass (Abyss:2)
  3 orc priests (Orc:4)
  3 orc wizards
  An adder (Lair:8)
  2 orcs (Orc:4)
33 creatures vanquished.

Vanquished Creatures (others)
  A ghost moth (Spider:5)
  A hill giant (Spider:5)
  A jumping spider (Spider:1)
  3 trolls
  A chaos spawn (Abyss:2)
  A small abomination (Abyss:2)
  An ogre (Lair:8)
  An orc wizard (D:8)
  2 orcs (D:8)
  A giant spore (D:8)
  A quokka (Lair:2)
  19 fungi
  9 plants
42 creatures vanquished.

Grand Total: 1335 creatures vanquished

Notes
Turn   | Place    | Note
--------------------------------------------------------------
     0 | D:1      | Leibowitz, the Minotaur Fighter, began the quest for the Orb.
     0 | D:1      | Reached XP level 1. HP: 19/19 MP: 1/1
    99 | D:1      | Reached XP level 2. HP: 24/27 MP: 1/1
   210 | D:1      | Reached skill level 4 in Armour
   970 | D:2      | Reached XP level 3. HP: 33/33 MP: 2/2
  1324 | D:2      | Reached skill level 1 in Dodging
  1568 | D:2      | Reached XP level 4. HP: 15/40 MP: 2/2
  2057 | D:2      | Reached XP level 5. HP: 36/46 MP: 2/2
  2059 | D:2      | Reached skill level 5 in Armour
  2120 | D:3      | Found a shattered altar of Ashenzari.
  2158 | D:3      | Found a glowing golden altar of the Shining One.
  2172 | D:3      | Found a sparkling altar of Nemelex Xobeh.
  2175 | D:3      | Found a blossoming altar of Fedhas.
  2178 | D:3      | Found a snail-covered altar of Cheibriados.
  2585 | D:3      | Noticed Sigmund
  2990 | D:3      | Reached XP level 6. HP: 14/53 MP: 3/3
  3237 | D:3      | Found a radiant altar of Vehumet.
  3564 | D:4      | Noticed Natasha
  3578 | D:4      | Killed Natasha
  3578 | D:4      | Reached skill level 5 in Shields
  3715 | D:4      | Noticed Blork the orc
  3755 | D:4      | Killed Blork the orc
  3755 | D:4      | Reached skill level 5 in Fighting
  3988 | D:4      | Noticed Natasha
  3994 | D:4      | Killed Natasha
  4039 | D:4      | Reached skill level 5 in Axes
  4039 | D:4      | Reached XP level 7. HP: 52/61 MP: 3/3
  4042 | D:4      | Found an ancient bone altar of Kikubaaqudgha.
  4083 | D:4      | Found Lotabinni's Weapon Shop.
  4171 | D:4      | Noticed Natasha
  4190 | D:4      | Killed Natasha
  4227 | D:4      | HP: 1/61 [orc warrior/glaive (15)]
  4242 | D:4      | Found a shimmering altar of Xom.
  4441 | D:4      | Reached skill level 6 in Shields
  4528 | D:5      | Entered Level 5 of the Dungeon
  4544 | D:5      | Paralysed by a potion of paralysis for 3 turns
  5326 | D:6      | Gained mutation: Your magical capacity is low (-10% MP). [potion of mutation]
  5326 | D:6      | Gained mutation: Your digestive system is specialised to digest meat. [potion of mutation]
  5326 | D:6      | Gained mutation: You occasionally shout uncontrollably. [potion of mutation]
  5386 | D:6      | Reached XP level 8. HP: 60/70 MP: 2/2
  5649 | D:6      | Found a snail-covered altar of Cheibriados.
  5763 | D:6      | Found Breokah's Jewellery Shop.
  6049 | D:6      | Reached skill level 7 in Shields
  6287 | D:7      | Paralysed by a giant eyeball for 3 turns
  6302 | D:7      | Paralysed by a giant eyeball for 4 turns
  6623 | D:7      | Found a basalt altar of Yredelemnul.
  6640 | D:7      | Found a staircase to the Ecumenical Temple.
  6649 | Temple   | Entered the Ecumenical Temple
  6767 | D:7      | Found a bloodstained altar of Trog.
  6772 | D:7      | Became a worshipper of Trog the Wrathful
  6945 | D:7      | Reached skill level 8 in Shields
  6945 | D:7      | Reached XP level 9. HP: 26/78 MP: 3/3
  7494 | D:7      | Got a shimmering lapis lazuli ring
  7498 | D:7      | Identified the ring of Crenuega {rElec rF- rN+} (You found it on level 7 of the Dungeon)
  7534 | D:7      | Lost mutation: Your magical capacity is low (-10% MP). [potion of cure mutation]
  7534 | D:7      | Lost mutation: You occasionally shout uncontrollably. [potion of cure mutation]
  7534 | D:7      | Lost mutation: Your digestive system is specialised to digest meat. [potion of cure mutation]
  7791 | D:8      | Acquired Trog's first power
  8036 | D:8      | Acquired Trog's second power
  8036 | D:8      | Reached skill level 9 in Shields
  8308 | D:9      | Found a staircase to the Lair.
  8420 | Lair:1   | Entered Level 1 of the Lair of Beasts
  8436 | Lair:1   | Noticed a spiny frog
  8443 | Lair:1   | Reached XP level 10. HP: 30/88 MP: 5/5
  8445 | Lair:1   | Killed a spiny frog
  8445 | Lair:1   | Reached skill level 10 in Shields
  9327 | Lair:1   | Reached skill level 10 in Axes
  9779 | Lair:2   | Reached skill level 11 in Shields
  9811 | Lair:2   | Noticed Nergalle
  9820 | Lair:2   | Killed Nergalle
  9820 | Lair:2   | Reached skill level 5 in Dodging
  9827 | Lair:2   | Reached XP level 11. HP: 78/97 MP: 5/5
  9942 | Lair:2   | Acquired Trog's third power
 10030 | Lair:2   | Found a dark tunnel.
 10129 | Volcano  | Entered a volcano
 10422 | Volcano  | Reached skill level 10 in Fighting
 10422 | Volcano  | Reached skill level 12 in Shields
 10912 | Lair:2   | Noticed Fannar
 11142 | Lair:2   | HP: 4/100 [yak (11)]
 11551 | Lair:2   | Noticed a six-headed hydra
 11647 | Lair:3   | Noticed Prince Ribbit
 11659 | Lair:3   | Killed Prince Ribbit
 11722 | Lair:3   | Reached skill level 13 in Shields
 11859 | Lair:3   | Reached skill level 10 in Armour
 11859 | Lair:3   | Reached XP level 12. HP: 106/112 MP: 6/6
 12386 | Lair:4   | Received a gift from Trog
 12647 | Lair:4   | Reached skill level 14 in Shields
 12671 | Lair:4   | Reached XP level 13. HP: 118/118 MP: 6/6
 13617 | Lair:5   | Found a staircase to the Swamp.
 14890 | Lair:6   | Found a hole to the Spider Nest.
 15028 | Lair:6   | Received a gift from Trog
 15790 | Lair:7   | Reached skill level 15 in Shields
 16338 | Lair:7   | Received a gift from Trog
 16349 | Lair:7   | Cast into the Abyss (a distortion unwield)
 16639 | Abyss:1  | Noticed a bone dragon
 16683 | Abyss:1  | Killed a bone dragon
 16824 | Abyss:2  | Reached XP level 14. HP: 23/129 MP: 6/6
 17261 | Abyss:2  | Found a corrupted altar of Lugonu.
 17339 | Abyss:2  | Reached skill level 16 in Shields
 17519 | Abyss:2  | Killed a ghost moth
 17596 | Abyss:2  | Gained mutation: You digest meat very inefficiently. [a neqoxec]
 17656 | Lair:7   | Escaped the Abyss
 18172 | Lair:8   | Entered Level 8 of the Lair of Beasts
 18253 | Lair:8   | Found a labyrinth entrance.
 18279 | Lab      | Entered a labyrinth
 18796 | Lab      | Got a twitching zirconium amulet
 18809 | Lab      | Got a heavily runed helmet
 18817 | Lab      | Identified the amulet of Light {Spirit +Rage MR+ Stlth++} (You took it off a minotaur in a labyrinth)
 18819 | Lab      | Identified a +3 rod of ignition (12/12) (You took it off a minotaur in a labyrinth)
 18820 | Lab      | Identified a +8 rod of the swarm (10/10) (You found it in a labyrinth)
 19515 | Lair:8   | Found a staircase to the Slime Pits.
 20070 | Lair:8   | Lost intelligence.
 20086 | Lair:8   | Received a gift from Trog
 20429 | Lair:8   | HP: 3/133 [fire dragon/blast of flame (31)]
 21210 | Lair:8   | Reached skill level 17 in Shields
 21366 | Lair:8   | Reached skill level 15 in Axes
 21605 | Lair:8   | Reached XP level 15. HP: 99/139 MP: 8/8
 21973 | Lair:2   | Reached skill level 15 in Fighting
 22129 | Lair:2   | Killed a two-headed hydra
 22208 | Lair:2   | Killed Fannar
 22609 | D:9      | Received a gift from Trog
 22622 | D:9      | Noticed a cyclops
 22633 | D:9      | Killed a cyclops
 23033 | D:9      | Noticed MirrMurr's ghost (powerful SpEn)
 23034 | D:9      | Noticed Gastronok
 23072 | D:9      | Killed MirrMurr's ghost
 23154 | D:9      | Killed Gastronok
 23222 | D:9      | Found a staircase to the Orcish Mines.
 23248 | D:9      | Received a gift from Trog
 23599 | Orc:1    | Entered Level 1 of the Orcish Mines
 23654 | Orc:1    | Noticed Psyche
 23662 | Orc:1    | Killed Psyche
 23766 | Orc:1    | Received a gift from Trog
 24005 | Orc:1    | Found a roughly hewn altar of Beogh.
 24118 | Orc:2    | Noticed Josephine
 24124 | Orc:2    | Killed Josephine
 24534 | Orc:3    | Found a staircase to the Elven Halls.
 24868 | Orc:3    | Received a gift from Trog
 24871 | Orc:3    | Got a transparent battleaxe {god gift}
 24872 | Orc:3    | Identified the +4,+6 battleaxe of Osoer {flame, rC++} (Trog gifted it to you on level 3 of the Orcish Mines)
 24892 | Orc:3    | Found a bloodstained altar of Trog.
 25129 | Orc:4    | Entered Level 4 of the Orcish Mines
 25447 | Orc:4    | Found Smouvvim's Armour Emporium.
 25447 | Orc:4    | Found Woog's Antique Weapon Boutique.
 25452 | Orc:4    | Found Gonuh's Antique Armour Shoppe.
 25454 | Orc:4    | Found Soqugig's Book Shop.
 25471 | Orc:4    | Received a gift from Trog
 25474 | Orc:4    | Got a fine hand axe {god gift}
 25476 | Orc:4    | Identified the +7,+7 hand axe "Dujakuesm" {holy, +Inv rN+ SInv} (Trog gifted it to you on level 4 of the Orcish Mines)
 25493 | Orc:4    | Bought a shiny plate armour for 690 gold pieces
 25493 | Orc:4    | Bought a jewelled ring mail for 270 gold pieces
 25510 | Orc:4    | Identified the +1 ring mail of Day {Str+4 Dex+2} (You bought it in a shop on level 4 of the Orcish Mines)
 25576 | Orc:4    | Noticed Saint Roka
 25948 | Orc:4    | Killed Saint Roka
 26039 | Orc:4    | Noticed Sonja
 26071 | Orc:4    | Killed Sonja
 26227 | Orc:4    | Received a gift from Trog
 26962 | Spider:1 | Entered Level 1 of the Spider Nest
 27436 | Spider:1 | Received a gift from Trog
 27566 | Spider:1 | Noticed Asterion
 27571 | Spider:1 | Noticed a spectral weapon
 27574 | Spider:1 | Killed Asterion
 27920 | Spider:1 | Noticed Urug
 27936 | Spider:1 | Killed Urug
 28300 | Spider:2 | Received a gift from Trog
 28684 | Spider:2 | HP: 5/143 [redback (10)]
 28689 | Spider:2 | Reached XP level 16. HP: 15/151 MP: 1/8
 29606 | Spider:3 | Lost mutation: You digest meat inefficiently. [potion of cure mutation]
 29767 | Spider:3 | Received a gift from Trog
 29802 | Spider:3 | Found a frozen archway.
 29950 | IceCv    | Entered an ice cave
 30364 | IceCv    | Noticed an Ice Fiend
 30374 | IceCv    | Killed an Ice Fiend
 31533 | Spider:4 | Reached skill level 15 in Armour
 31713 | Spider:4 | Received a gift from Trog
 31719 | Spider:4 | Reached skill level 18 in Axes
 32988 | Spider:5 | Entered Level 5 of the Spider Nest
 33190 | Spider:5 | Received a gift from Trog
 33382 | Spider:5 | Noticed Arachne
 33507 | Spider:5 | Reached skill level 10 in Dodging
 33526 | Spider:5 | Killed Arachne
 34190 | Spider:5 | Reached XP level 17. HP: 139/160 MP: 8/8
 34316 | Spider:5 | Received a gift from Trog
 34823 | Spider:5 | Reached skill level 1 in Evocations
 35331 | Spider:5 | HP: 7/161 [ghost moth (8)]
 35331 | Spider:5 | HP: 3/161 [ghost moth (4)]
 35332 | Spider:5 | Slain by a ghost moth

Action                   |  1- 3 |  4- 6 |  7- 9 | 10-12 | 13-15 | 16-18 || total
-------------------------+-------+-------+-------+-------+-------+-------++-------
Melee: War axe           |    82 |   202 |   431 |   489 |  1175 |       ||  2379
       Broad axe         |       |       |       |       |   293 |       ||   293
       Battleaxe         |       |       |       |       |   276 |    69 ||   345
       Executioner's axe |       |       |       |       |   128 |   450 ||   578
       Hand axe          |       |       |       |       |       |    19 ||    19
 Fire: Blowgun           |       |       |       |       |       |     5 ||     5
Throw: Dart              |       |       |    17 |       |       |       ||    17
Invok: Burn Spellbooks   |       |       |     1 |       |       |     4 ||     5
       Berserk           |       |       |       |     3 |     3 |     1 ||     7
       Trog's Hand       |       |       |       |     2 |     4 |     2 ||     8
       Brothers in Arms  |       |       |       |       |     8 |     6 ||    14
Evoke: Wand              |       |       |     6 |     2 |     8 |    13 ||    29
  Use: Potion            |       |    10 |    11 |     5 |    13 |     8 ||    47
       Scroll            |       |       |    14 |     2 |    10 |     4 ||    30
 Stab: Invisible         |       |     1 |       |       |       |       ||     1
       Petrified         |       |       |       |       |     2 |       ||     2
       Distracted        |       |       |       |       |     4 |       ||     4
       Held in net/web   |       |       |       |       |       |     1 ||     1
